 Dungeon Crawl Stone Soup version 0.29-a0-414-g5075937ec3 (webtiles) character file.

Game seed: 10534315528820095806

2487 101zpm the Thaumaturge (level 9, 0/55 HPs)
             Began as a Djinni Fire Elementalist on May 15, 2022.
             Killed from afar by a steam dragon (7 damage)
             ... with a ball of steam
             ... on level 7 of the Dungeon.
             The game lasted 00:16:40 (9699 turns).

101zpm the Thaumaturge (Djinni Fire Elementalist)   Turns: 9699, Time: 00:16:42

Health: 0/55       AC:  3    Str:  7    XL:     9   Next: 81%
Gold:   378        EV: 13    Int: 20    God:
                   SH:  0    Dex: 15

rFire   + + .      SeeInvis .   u - +1 spear (venom)
rCold   x . .      Faith    .   (no shield)
rNeg    . . .      Spirit   .   a - +0 robe
rPois   ∞          Reflect  .   (no helmet)
rElec   .          Harm     .   (no cloak)
rCorr   +          Rampage  .   y - +0 pair of gloves
Will    .....                   (boots unavailable)
Stlth   ++........              (no amulet)
HPRegen 0.18/turn               f - ring of wizardry
MPRegen 0.00/turn               n - ring of resist corrosion

@: flying
A: sickness immunity, fire resistance 2, cold vulnerability 1, float, innate
caster, HP casting, extra vitality 1
a: no special abilities


You were on level 7 of the Dungeon.
You visited 1 branch of the dungeon, and saw 7 of its levels.

You collected 378 gold pieces.

Inventory:

Hand Weapons
 u - a +1 spear of venom (weapon)
 G - a +0 war axe of freezing
Armour
 a - a +0 robe (worn)
 b - a +0 helmet
 y - a +0 pair of gloves (worn)
Jewellery
 f - a ring of wizardry (left hand)
 n - a ring of resist corrosion (right hand)
Wands
 j - a wand of iceblast (10)
 A - a wand of flame (18)
 D - a wand of polymorph (3)
Scrolls
 e - 2 scrolls of enchant weapon
 g - a scroll of blinking
 h - a scroll of poison
 k - 3 scrolls of teleportation
 p - a scroll of immolation
 r - 2 scrolls of vulnerability
 v - a scroll of acquirement {unknown}
 w - a scroll of magic mapping {unknown}
 x - 2 scrolls of identify
 B - a scroll of fear {unknown}
 E - a scroll of amnesia {unknown}
Potions
 c - 3 potions of heal wounds {unknown}
 d - 3 potions of mutation {unknown}
 i - 6 potions of curing {unknown}
 l - 4 potions of might {unknown}
 m - 2 potions of berserk rage {unknown}
 o - 3 potions of haste {unknown}
 q - 2 potions of lignification {unknown}
 s - 2 potions of flight
 t - a potion of brilliance {unknown}
 z - a potion of degeneration {unknown}
 C - a potion of attraction {unknown}
 F - a potion of invisibility


   Skills:
 + Level 0.2 Fighting
 + Level 3.0 Dodging
 + Level 3.1 Stealth
 + Level 9.6 Spellcasting


You had 6 spell levels left.
You knew the following spells:

 Your Spells              Type           Power      Damage    Failure   Level
a - Foxfire               Conj/Fire      100%       2x1d9     1%          1
b - Scorch                Fire           96%        2d10      1%          2
c - Conjure Flame         Conj/Fire      48%        6-21      1%          3
d - Inner Flame           Hex/Fire       48%        N/A       1%          3
e - Flame Wave            Conj/Fire      48%        2d10      1%          4
f - Slow                  Hex            100%       N/A       1%          1
g - Wereblood             Tmut           48%        N/A       1%          2
h - Searing Ray           Conj           96%        2d7       1%          2
i - Summon Guardian Gole  Hex/Summ       48%        N/A       1%          3
Your spell library was empty.

Dungeon Overview and Level Annotations

Branches:
Dungeon (7/15)
 Temple: D:4-7

Altars:
Dithmenos
Elyvilon
Makhleb
Nemelex Xobeh
Sif Muna

Shops:
D:2 (   D:4 [   D:6 [

Annotations:
D:3 3 runed translucent doors, leebro123's ghost, weakling DsGl


Innate Abilities, Weirdness & Mutations

You are immune to sickness and miasma.
You are immune to poison.
Your flesh is very heat resistant. (rF++)
You are vulnerable to cold. (rC-)
You float through the air rather than walking.
You learn spells naturally, not from books.
Your magical power is your life essence.
You have superior vitality. (+4 MHP)


Message History

The foxfire hits the steam dragon but does no damage.
The steam dragon is lightly wounded.
Casting: Foxfire (safe; 1% risk of failure)
Confirm with . or Enter, or press ? or * to list all spells.
Flames lash the steam dragon.
Flame seeps out of the steam dragon.
The steam dragon is severely wounded.
The steam dragon's fire resistance burns away.
* * * LOW HITPOINT WARNING * * *
The foxfire hits the steam dragon!
The steam dragon is burned terribly!
Flame seeps out of the steam dragon.
The steam dragon is almost dead.
The foxfire hits the steam dragon!
The steam dragon is burned terribly!
The steam dragon explodes!
Casting: Scorch (safe; 1% risk of failure)
Confirm with . or Enter, or press ? or * to list all spells.
Aiming: Inner Flame (safe; 1% risk of failure)
Press: ? - help, Dir - move target, f - steam dragon
Aim: a steam dragon (chance to affect: 92%)
The steam dragon is filled with an inner flame.
* * * LOW HITPOINT WARNING * * *
The steam dragon breathes steam at you. The ball of steam hits you. You resist.
* * * LOW HITPOINT WARNING * * *
Casting: Foxfire (safe; 1% risk of failure)
Press: ? - help, Q - select action, (/) - cycle Dir - look around, f - activate You conjure some foxfire!
* * * LOW HITPOINT WARNING * * *
Casting: Foxfire (safe; 1% risk of failure)
Press: ? - help, Q - select action, (/) - cycle Dir - look around, f - activate You conjure some foxfire!
* * * LOW HITPOINT WARNING * * *
The foxfire hits the steam dragon!
Flame seeps out of the steam dragon.
The steam dragon is moderately wounded.
The steam dragon is engulfed in blazing flames.
Flame seeps out of the steam dragon.
The steam dragon breathes steam at you. The ball of steam hits your foxfire.
Your foxfire resists.
The ball of steam hits you! You resist.
You die...

#.##...#.##
.##.........
...☼○....#.####
# .○............
.##☼...........
. ..§.........
#.##.##§§.#.#
....D.§v@§..##
.....v§v§§...#.
......§§§.......
..#####.§.......
#§§.####.# ....#
# .....# .#...#
#.#....


There were no monsters in sight!

Vanquished Creatures
  Grinder (D:3)
  Sigmund (D:2)
  Eustachio (D:4)
  A steam dragon (D:7)
  A sky beast (D:6)
  2 phantoms
  3 necrophages
  A scorpion (D:4)
  A howler monkey (D:6)
  A jelly (D:5)
  2 hounds
  2 orc priests
  An iguana (D:6)
  Ijyb (D:4)
  Terence (D:3)
  Natasha (thrice) (D:3)
  2 orc wizards (D:3)
  Robin (D:2)
  15 gnolls
  3 adders
  3 white imps
  An ufetubus (D:6)
  A worm (D:5)
  3 dart slugs
  9 orcs
  2 ball pythons (D:4)
  2 bats
  6 endoplasms
  2 giant cockroaches (D:2)
  44 goblins
  30 hobgoblins
  7 jackals
  4 quokkas
  5 frilled lizards
  9 kobolds
172 creatures vanquished.

Vanquished Creatures (collateral kills)
  2 foxfires (D:3)
2 creatures vanquished.

Vanquished Creatures (others)
  A two-headed ogre (D:6)
  612 foxfires
613 creatures vanquished.

Grand Total: 787 creatures vanquished

Notes
Turn   | Place    | Note
-------+----------+-------------------------------------------
     0 | D:1      | 101zpm the Djinni Fire Elementalist began the quest for the
                  | Orb.
     0 | D:1      | Reached XP level 1. HP: 15/15 MP: 0/0
   239 | D:2      | Noticed Sigmund
   456 | D:1      | Reached XP level 2. HP: 13/21 MP: 0/0
   973 | D:2      | Reached skill level 3 in Spellcasting
   973 | D:2      | Reached XP level 3. HP: 22/25 MP: 0/0
   973 | D:2      | Learned a level 1 spell: Slow
  1054 | D:2      | Killed Sigmund
  1055 | D:2      | Reached skill level 4 in Spellcasting
  1055 | D:2      | Reached XP level 4. HP: 16/31 MP: 0/0
  1055 | D:2      | Reached XP level 5. HP: 18/35 MP: 0/0
  1055 | D:2      | Learned a level 2 spell: Wereblood
  1055 | D:2      | Reached XP level 6. HP: 21/40 MP: 0/0
  1244 | D:3      | Noticed Grinder
  1250 | D:3      | Killed Grinder
  1251 | D:3      | Reached skill level 5 in Spellcasting
  1251 | D:3      | Reached XP level 7. HP: 24/45 MP: 0/0
  1251 | D:3      | Learned a level 2 spell: Searing Ray
  1642 | D:3      | Noticed Natasha
  1644 | D:3      | Killed Natasha
  1762 | D:3      | Found a sparkling altar of Nemelex Xobeh.
  1762 | D:3      | Found a burning altar of Makhleb.
  2133 | D:4      | Identified the +3 short sword "Pehoimn" {elec, rF- Int+9}
  2158 | D:4      | Found Dibobede's Armour Shoppe.
  2382 | D:4      | Reached skill level 6 in Spellcasting
  2921 | D:4      | Noticed Ijyb
  2927 | D:4      | Killed Ijyb
  3343 | D:4      | Noticed Eustachio
  3348 | D:4      | Killed Eustachio
  3349 | D:4      | Reached XP level 8. HP: 42/50 MP: 0/0
  4054 | D:3      | Noticed Natasha
  4057 | D:3      | Killed Natasha
  4058 | D:3      | Reached skill level 7 in Spellcasting
  4061 | D:3      | Noticed Terence
  4065 | D:3      | Killed Terence
  4176 | D:3      | Found a white marble altar of Elyvilon.
  4324 | D:3      | Found a runed translucent gate.
  4324 | D:3      | Found a runed translucent gate.
  4325 | D:3      | Found a runed translucent gate.
  4331 | D:3      | Noticed leebro123's ghost (weakling DsGl)
  4406 | D:3      | Noticed Natasha
  4419 | D:3      | Killed Natasha
  4929 | D:1      | Found a faded altar of an unknown god.
  5336 | D:2      | Noticed Robin
  5342 | D:2      | Killed Robin
  5511 | D:2      | Found a shadowy altar of Dithmenos.
  5876 | D:2      | Found Loxzierch's Weapon Emporium.
  6120 | D:5      | Entered Level 5 of the Dungeon
  7313 | D:5      | Reached skill level 8 in Spellcasting
  7502 | D:5      | Reached XP level 9. HP: 50/55 MP: 0/0
  7502 | D:5      | Learned a level 3 spell: Summon Guardian Golem
  9213 | D:6      | Noticed a two-headed ogre
  9221 | D:6      | Killed a two-headed ogre
  9222 | D:6      | Reached skill level 9 in Spellcasting
  9346 | D:6      | Found Aheenog's Armour Shop.
  9699 | D:7      | Killed from afar by a steam dragon

Illustrated notes

Levels and vault maps discovered:
D:1:      scummos_arrival_hexagon, layout_loops_corners,
          chequers_ecumenical_altar_lobes, chequers_serial_rivers_micro_c,
          hex_large, minmay_misc_feat_x
D:2:      layout_basic, serial_shops, nicolae_shop_bloodbath_and_beyond,
          basic_altar, uniq_sigmund, uniq_robin
D:3:      layout_rooms, jmf_multi_god_temple,
          mainiacjoe_overflow_concentric_impassable, elyvilon_altar_1,
          gammafunk_ghost_necromancy, minivault_26,
          corexii_item_surrounded_by_moat, supply_closet_lemuel, uniq_natasha,
          uniq_terence, uniq_grinder
D:4:      kennysheep_goblin_castle, layout_basic, serial_shops, shop,
          uniq_eustachio
D:5:      minmay_goblin_kobold_castle, layout_loops_cross,
          serial_co_window_serial, co_window_paths_a, co_window_paths_a,
          co_window_of_opportunity_a, co_window_corner_a,
          co_window_of_opportunity_a, co_window_unsneaky_path_a,
          co_window_of_opportunity_c, co_window_broadway_c, co_window_corner_b,
          co_window_4corner_a, glass_columns_a, glass_columns_b,
          kennysheep_generic_room_15, uniq_ijyb
D:6:      layout_basic, serial_shops, shop_fountains
D:7:      layout_basic, minmay_temple_entry_glassed_door,
          uniq_crazy_yiuf_cottage, uniq_menkaure

Skill      XL: |  1  2  3  4  5  6  7  8  9 |
---------------+----------------------------+-----
Spellcasting   | 3 4 5 6 8 9 |  9.6
Stealth        | 2 3 |  3.1
Dodging        | 3 |  3.0
Fighting       | |  0.2

Action                   |  1- 3 |  4- 6 |  7- 9 || total
-------------------------+-------+-------+-------++-------
 Cast: Foxfire           |    29 |     5 |   342 ||   376
       Scorch            |     6 |       |    55 ||    61
       Slow              |     2 |     1 |       ||     3
       Inner Flame       |     1 |     1 |    52 ||    54
       Conjure Flame     |       |       |     2 ||     2
       Summon Guardian G |       |       |     2 ||     2
  Use: Scroll            |       |       |     7 ||     7
Armor: Robe              |     2 |       |     2 ||     4
Dodge: Dodged            |       |       |    19 ||    19

Table legend: (Time is in decaauts)
 A = Elapsed time spent in this place.
 B = Non-inter-level travel time spent in this place.
 C = Inter-level travel time spent in this place.
 D = Time resting spent in this place.
 E = Time spent auto-exploring this place.
 F = Levels seen in this place.
 G = Mean time per level.
                   A        B        C        D        E       F      G
               +--------+--------+--------+--------+--------+-----+--------+
         Total |   9700 |   9531 |    169 |    342 |   8352 |   7 | 1385.7 |
       Dungeon |   9700 |   9531 |    169 |    342 |   8352 |   7 | 1385.7 |
               +--------+--------+--------+--------+--------+-----+--------+

Top non-repeatable levels by time:
     D:5: 2281 daAuts
     D:4: 1996 daAuts
     D:3: 1658 daAuts
     D:1: 1278 daAuts
     D:6: 1273 daAuts
     D:2: 1188 daAuts
     D:7: 22 daAuts
